 Dungeon Crawl Stone Soup version 0.23-a0-636-g0ff6057 (console) character file.

15 bli the Firebug (level 2, 0/20 HPs)
             Began as a Draconian Fire Elementalist on Dec 28, 2018.
             Killed from afar by Sigmund (10 damage)
             ... with a wand of flame (11)
             ... on level 2 of the Dungeon.
             The game lasted 00:03:06 (813 turns).

bli the Firebug (Draconian Fire Elementalist)        Turns: 813, Time: 00:03:07

Health: 0/20       AC:  4    Str: 10    XL:     2   Next: 34%
Magic:  5/5        EV: 12    Int: 15    God:
Gold:   54         SH:  0    Dex: 11    Spells: 5/6 levels left

rFire    . . .     SeeInvis .   f - +0 whip
rCold    . . .     Gourm    .   (no shield)
rNeg     . . .     Faith    .   (armour unavailable)
rPois    .         Spirit   .   (helmet restricted)
rElec    .         Reflect  .   (no cloak)
rCorr    .         Harm     .   (no gloves)
MR       .....                  (no boots)
Stlth    ++........             (no amulet)
HPRegen  0.06/turn              (no ring)
MPRegen  0.09/turn              (no ring)

@: no status effects
A: unfitting armour, cold-blooded, AC +4
a: no special abilities


You were on level 2 of the Dungeon.
You were not hungry.

You visited 1 branch of the dungeon, and saw 2 of its levels.

You collected 54 gold pieces.

Inventory:

Hand Weapons
 f - a +0 whip (weapon)
 o - a +0 mace
Missiles
 e - 121 stones (quivered)
 g - 23 poisoned needles
 i - a throwing net
Scrolls
 k - a scroll of fog {unknown}
 l - a scroll of immolation {unknown}
 n - a scroll of teleportation {unknown}
 p - a scroll of blinking {unknown}
Potions
 a - a potion of invisibility {unknown}
 c - a potion of brilliance {unknown}
 d - 2 potions of curing {unknown}
 j - a potion of lignification {unknown}
 m - a potion of flight {unknown}
Comestibles
 b - a ration
 h - 7 chunks of flesh


   Skills:
 - Level 1.7 Dodging
 - Level 1.7 Stealth
 * Level 2.6 Spellcasting
 + Level 1.4 Conjurations
 - Level 3.0 Fire Magic


You had 5 spell levels left.
You knew the following spells:

 Your Spells              Type           Power        Failure   Level  Hunger
a - Flame Tongue          Conj/Fire      #....        9%          1    #......

Your spell library contained the following spells:

 Spells                   Type           Power        Failure   Level  Hunger
 Throw Flame              Conj/Fire      #.....       13%         2    ##.....
 Conjure Flame            Conj/Fire      #.......     26%         3    ###....
 Inner Flame              Hex/Fire       #.......     32%         3    ###....
 Sticky Flame             Conj/Fire      #.......     63%         4    #####..
 Fireball                 Conj/Fire      #.........   93%         5    ######.


Dungeon Overview and Level Annotations

Branches:
Dungeon (2/15)

Altars:

Annotations:
D:2 Sigmund


Innate Abilities, Weirdness & Mutations

Your plain brown scales are hard. (AC +4)
You cannot fit into any form of body armour.
You are cold-blooded and may be slowed by cold attacks.


Message History

Assign waypoint to what number? (0-9) Waypoint 0 assigned to D:2.
Sigmund shouts!
Sigmund gestures at you while chanting.
You are confused.
You bump into the rock wall.
You bump into the rock wall.
Sigmund's eyes start glowing with a red light.
You bump into the rock wall.
You bump into the rock wall.
Sigmund zaps a wand.
The puff of flame hits you!
You bump into the rock wall.
You feel less confused.
Sigmund points at you and mumbles some strange words.
The puff of flame hits you!
Sigmund says, "Your kind have come here before.
I understand now why.
You Some of the chunks of flesh in your inventory have rotted away.
You see here a robe.
Sigmund zaps a wand.
The puff of flame hits you!
Ouch! That really hurt!
You die...

#############
............#
............#
######.###.#######
#....# #........
#.##.###.######.
#.###....# #
#>..@[.#.######.#
..#####.####..........#
#...............####.#
#...##.####.....###
#......# #....@..#
#...##.# #..####.#
#.###..###.# #..# #.#
#..........#
#............#
####...####
##.###.....#.# ##..#
#.# #.@##.# #..#
###.###...#.#


You could see Sigmund.

Vanquished Creatures
  2 bats
  A giant cockroach (D:2)
  2 goblins
  A hobgoblin (D:1)
  A quokka (D:2)
  A frilled lizard (D:1)
  4 kobolds (D:1)
  A rat (D:2)
13 creatures vanquished.

Notes
Turn   | Place    | Note
-------+----------+-------------------------------------------
     0 | D:1      | bli the Draconian Fire Elementalist began the quest for the
                  | Orb.
     0 | D:1      | Reached XP level 1. HP: 14/14 MP: 3/3
   493 | D:1      | Reached XP level 2. HP: 20/20 MP: 3/5
   694 | D:2      | Noticed Sigmund
   813 | D:2      | Killed from afar by Sigmund

Vault maps used:
D:1:      kennysheep_arrival_forest, kennysheep_boxes
D:2:      uniq_sigmund

Action                   || total
-------------------------++-------
Melee: Unarmed           ||    10
       Tailslap          ||     2
       Whip              ||    13
 Cast: Flame Tongue      ||    14
Armor: Skin              ||     9
Dodge: Dodged            ||    22

Table legend:
 A = Non-vault XP
 B = Vault XP
 C = Vault XP percentage of total XP
 D = Non-vault monster count
 E = Vault monster count
 F = Vault count percentage of total count
                 A         B        C        D         E       F
            +---------+---------+-------+---------+---------+-------
      Total |      22 |       0 |   0.0 |      13 |       0 |   0.0
            +---------+---------+-------+---------+---------+-------
        D:1 |      14 |       0 |   0.0 |       8 |       0 |   0.0
        D:2 |       8 |       0 |   0.0 |       5 |       0 |   0.0
            +---------+---------+-------+---------+---------+-------
